 Dungeon Crawl Stone Soup version 0.21.1-1-g345015f (webtiles) character file.

81 Fang the Skirmisher (level 4, -1/29 HPs)
             Began as a Gargoyle Berserker on June 1, 2018.
             Was a Believer of Trog.
             Slain by an orc
             ... wielding a +0 flail
              (2 damage)
             ... on level 2 of the Dungeon.
             The game lasted 00:02:20 (1461 turns).

Fang the Skirmisher (Gargoyle Berserker)            Turns: 1461, Time: 00:02:21

Health: -1/29      AC:  5    Str: 27    XL:     4   Next: 40%
Magic:  4/4        EV: 12    Int:  7    God:    Trog [**....]
Gold:   72         SH:  0    Dex:  9    Spells: 3/3 levels left

rFire    . . .     SeeInvis .   a - +0 hand axe
rCold    . . .     Gourm    .   (no shield)
rNeg     + . .     Faith    .   b - +0 animal skin
rPois    ∞         Spirit   .   (no helmet)
rElec    +         Reflect  .   (no cloak)
rCorr    .         Harm     .   (no gloves)
MR       .....                  (no boots)
Stlth    +.........             (no amulet)
HPRegen  0.09/turn              (no ring)
MPRegen  0.09/turn              (no ring)

@: mighty, berserk cooldown, flying, slowed, very slow
A: negative energy resistance 1, electricity resistance, unbreathing,
petrification resistance, rot immunity, AC +3
a: Berserk, Trog's Hand, Burn Spellbooks, Renounce Religion


You were on level 2 of the Dungeon.
You worshipped Trog.
Trog was pleased with you.
You were not hungry.

You visited 1 branch of the dungeon, and saw 2 of its levels.

You collected 72 gold pieces.

Inventory:

Hand Weapons
 a - a +0 hand axe (weapon)
Armour
 b - a +0 animal skin (worn)
Jewellery
 j - a +5 ring of evasion {unknown}
Scrolls
 f - a scroll of remove curse {unknown}
 g - a scroll of blinking {unknown}
 h - a scroll of noise {unknown}
 i - 2 scrolls of identify {unknown}
Potions
 d - a potion of flight
Comestibles
 c - a ration
 k - a chunk of flesh


   Skills:
 + Level 4.0 Fighting
 + Level 3.6 Axes
 + Level 2.2 Armour
 + Level 2.4 Dodging
 + Level 0.2 Stealth


You had 3 spell levels left.
You didn't know any spells.

Dungeon Overview and Level Annotations

Branches:
Dungeon (2/15)

Altars:


Innate Abilities, Weirdness & Mutations

You are resistant to torment.
Your stone body is resilient. (AC +3)
You are immune to poison.
You resist negative energy. (rN+)
You are resistant to electric shocks. (rElec)
You can survive without breathing.
You are immune to petrification.
You are immune to rotting.


Message History

You kill the orc!
Trog accepts your kill.
You hit the orc priest. The orc priest barely misses you.
The adder bites you but does no damage. The orc priest misses you.
A rat comes into view.
Unknown command.
It was a potion of flight.
You feel very buoyant.
You fly up into the air.
The adder bites you but does no damage. The orc hits you with a flail.
* * * LOW HITPOINT WARNING * * *
The orc priest hits you with a hand axe.
* * * LOW HITPOINT WARNING * * *
The adder barely misses you.
Unknown command.
It was a potion of might.
You feel very mighty all of a sudden. The adder closely misses you.
The orc priest barely misses you. The orc hits you with a flail.
You die...

#####.........
#.######.. #.#
#.# . #
#.####.... #..
#(...oS.o.
#....###o####.###
#.....)oS####...
#....###@o...r..
### ######.##


You could see an orc priest, an adder, 2 orcs and a rat.

Vanquished Creatures
  Terence (D:2)
  An adder (D:2)
  An ooze (D:1)
  A dart slug (D:1)
  3 leopard geckos
  An orc (D:2)
  3 bats
  A giant cockroach (D:1)
  6 hobgoblins
  4 jackals (D:1)
  3 kobolds
  A ball python (D:2)
  2 frilled lizards (D:1)
  3 goblins
  4 rats (D:1)
35 creatures vanquished.

Vanquished Creatures (others)
  A plant (D:1)
1 creature vanquished.

Grand Total: 36 creatures vanquished

Notes
Turn   | Place    | Note
-------+----------+-------------------------------------------
     0 | D:1      | Fang the Gargoyle Berserker began the quest for the Orb.
     0 | D:1      | Reached XP level 1. HP: 14/14 MP: 1/1
   164 | D:1      | Reached XP level 2. HP: 11/19 MP: 2/2
   568 | D:1      | Reached XP level 3. HP: 15/23 MP: 3/3
   852 | D:1      | Reached ** piety under Trog
  1432 | D:2      | Noticed Terence
  1440 | D:2      | Killed Terence
  1440 | D:2      | Reached skill level 4 in Fighting
  1440 | D:2      | Reached XP level 4. HP: 19/29 MP: 4/4
  1460 | D:2      | HP: 1/29 [orc priest/hand axe (2)]
  1461 | D:2      | Slain by an orc

Skill      XL: |  1  2  3 |
---------------+----------+-----
Axes           | 3 |  3.6
Dodging        | 2 |  2.4
Fighting       | 4 |  4.0
Armour         | |  2.2
Stealth        | |  0.2

Action                   |  1- 3 |  4- 6 || total
-------------------------+-------+-------++-------
Melee: Hand axe          |   133 |     3 ||   136
Invok: Berserk           |     1 |       ||     1
  Use: Potion            |       |     2 ||     2
 Stab: Distracted        |     1 |       ||     1
  Eat: Ration            |     1 |       ||     1
Armor: Animal skin       |    52 |     3 ||    55
Dodge: Dodged            |   106 |    10 ||   116
